 Dungeon Crawl Stone Soup version 0.29.0-13-gc9e81de378 (webtiles) character file.

Game seed: 16360024827811284711

874 Arum the Shield-Bearer (level 8, -4/64 HPs)
             Began as a Formicid Fighter on Sept 9, 2022.
             Was an Initiate of the Shining One.
             Slain by Edmund
             ... wielding a +4 flail of protection
              (17 damage)
             ... on level 5 of the Dungeon.
             The game lasted 00:04:52 (5344 turns).

Arum the Shield-Bearer (Formicid Fighter)           Turns: 5344, Time: 00:04:52

Health: -4/64      AC: 14    Str: 26    XL:     8   Next: 24%
Magic:  26/26      EV:  8    Int: 12    God:    the Shining One [......]
Gold:   268        SH:  5    Dex: 13    Spells: 7/7 levels left

rFire   + . .      SeeInvis +   s - +8 mace "Sowuniaz" {freeze, rN+ Str+2 Int+5}
rCold   . . .      Faith    .   c - +0 buckler
rNeg    + . .      Spirit   .   t - +1 chain mail {rF+}
rPois   .          Reflect  .   (helmet unavailable)
rElec   .          Harm     .   u - +0 cloak
rCorr   .          Rampage  .   w - +0 pair of gloves
Will    .....                   B - +0 pair of boots
Stlth   ..........              (no amulet)
HPRegen 0.20/turn               e - ring of magical power
MPRegen 0.20/turn               l - ring of magical power

@: glowing
A: permanent stasis, dig shafts and tunnels, antennae 3, four strong arms
a: Dig, Shaft Self, Renounce Religion


You were on level 5 of the Dungeon.
You worshipped the Shining One.
The Shining One was noncommittal.
You visited 2 branches of the dungeon, and saw 6 of its levels.

You collected 268 gold pieces.

Inventory:

Hand Weapons
 a - a +0 quarterstaff
 s - the +8 mace "Sowuniaz" (weapon) {freeze, rN+ Str+2 Int+5}
   (You found it on level 3 of the Dungeon)

   It freezes those it strikes, dealing additional cold damage.
   It can also slow down cold-blooded creatures.
   Str:       It affects your strength (+2).
   Int:       It affects your intelligence (+5).
   rN:        It protects you from negative energy.
Armour
 c - a +0 buckler (worn)
 t - a +1 chain mail of fire resistance (worn)
 u - a +0 cloak (worn)
 w - a +0 pair of gloves (worn)
 B - a +0 pair of boots (worn)
Jewellery
 e - a ring of magical power (left hand)
 l - a ring of magical power (right hand)
Scrolls
 b - a scroll of immolation {unknown}
 g - 2 scrolls of noise {unknown}
 j - 2 scrolls of summoning {unknown}
 k - 2 scrolls of magic mapping {unknown}
 m - 6 scrolls of identify {unknown}
 r - 2 scrolls of poison {unknown}
 v - a scroll of fear {unknown}
 x - a scroll of fog {unknown}
 y - a scroll of acquirement {unknown}
 z - a scroll of torment {unknown}
 A - a scroll of teleportation {unknown}
Potions
 d - 2 potions of might
 f - a potion of ambrosia {unknown}
 h - 4 potions of degeneration {unknown}
 i - a potion of curing {unknown}
 n - a potion of berserk rage
 o - 3 potions of haste {unknown}
 p - a potion of lignification {unknown}
 q - a potion of brilliance {unknown}


   Skills:
 + Level 5.8 Fighting
 + Level 3.6(4.1) Maces & Flails
 - Level 2.8(3.7) Staves
 + Level 5.8 Armour
 + Level 7.0 Shields


You had 7 spell levels left.
You didn't know any spells.
Your spell library contained the following spells:

 Spells                   Type           Power      Damage    Failure   Level
 Necrotise                Necr           0%         1d4       92%         1
 Summon Small Mammal      Summ           0%         N/A       92%         1
 Sublimation of Blood     Necr           0%         N/A       98%         2
 Inner Flame              Hex/Fire       0%         N/A       100%        3
 Vampiric Draining        Necr           0%         2d6       100%        3
 Animate Dead             Necr           0%         N/A       100%        4
 Summon Lightning Spire   Summ/Air       0%         N/A       100%        4
 Summon Forest            Summ/Tloc      0%         N/A       100%        5


Dungeon Overview and Level Annotations

Branches:
Dungeon (5/15)             Temple (1/1) D:5

Altars:
Ashenzari
Cheibriados
Dithmenos
Elyvilon
Fedhas
Gozag
Hepliaklqana
Kikubaaqudgha
Makhleb
Nemelex Xobeh
Okawaru
Qazlal
Ru
Trog
Uskayaw
Vehumet
Wu Jian
Xom
Yredelemnul
Zin
The Shining One

Shops:
D:5 :

Annotations:
D:5 Edmund


Innate Abilities, Weirdness & Mutations

You cannot be hasted, slowed, berserked, paralysed or teleported.
You can dig through walls and to a lower floor.
You have a pair of large antennae on your head. (SInv)
Your four strong arms can wield two-handed weapons with a shield.


Message History

Edmund barely misses you.
You thump Edmund! You freeze Edmund.
Edmund is moderately wounded.
You block Edmund's attack.
You hit Edmund but do no damage.
Edmund is moderately wounded.
Edmund drinks a potion.
Edmund goes berserk!
You hit Edmund. You freeze Edmund.
Edmund is heavily wounded.
Edmund hits you with a +4 flail of protection.
You block Edmund's attack.
You completely miss Edmund.
Edmund is heavily wounded.
Edmund hits you with a +4 flail of protection.
Edmund hits you with a +4 flail of protection!
You sock Edmund! You freeze Edmund.
Edmund is heavily wounded.
You block Edmund's attack.
Edmund hits you with a +4 flail of protection!
You sock Edmund! You freeze Edmund.
Edmund is severely wounded.
Edmund hits you with a +4 flail of protection!
* * * LOW HITPOINT WARNING * * *
You block Edmund's attack.
You hit Edmund but do no damage.
Edmund is severely wounded.
You block Edmund's attack.
You closely miss Edmund.
Edmund is severely wounded.
Edmund barely misses you. Edmund closely misses you.
You hit Edmund but do no damage.
Edmund is severely wounded.
Edmund closely misses you.
Edmund hits you with a +4 flail of protection!
* * * LOW HITPOINT WARNING * * *
You completely miss Edmund.
Edmund is severely wounded.
You block Edmund's attack.
Edmund hits you with a +4 flail of protection!
You die...

#########
##........
#.........
#.........
#.........
######$.@......
#......@#
#.####### #.#
#.# #.# #.# #.#
#.# { #.#
############


You could see Edmund (berserk).

Vanquished Creatures
  3 black bears (D:5)
  An ogre (D:4)
  A centaur (D:5)
  A scorpion (D:4)
  A necrophage (D:5)
  2 jellies
  Jessica (D:3)
  2 iguanas
  3 gnolls (D:4)
  5 adders
  A white imp (D:5)
  An ufetubus (D:4)
  A worm (D:3)
  A dart slug (D:4)
  5 orcs
  8 ball pythons
  10 endoplasms
  2 giant cockroaches
  7 goblins
  6 hobgoblins
  4 jackals
  9 kobolds
  3 quokkas
  3 bats
  3 frilled lizards
  5 rats
89 creatures vanquished.

Notes
Turn   | Place    | Note
-------+----------+-------------------------------------------
     0 | D:1      | Arum the Formicid Fighter began the quest for the Orb.
     0 | D:1      | Reached XP level 1. HP: 18/18 MP: 1/1
    54 | D:1      | Found a faded altar of an unknown god.
    64 | D:1      | Prayed at the altar of an unknown god.
    64 | D:1      | Became a worshipper of Kikubaaqudgha
    64 | D:1      | Reached * piety under Kikubaaqudgha
    64 | D:1      | Received a gift from Kikubaaqudgha
    65 | D:1      | Fell from the grace of Kikubaaqudgha
   232 | D:1      | Reached XP level 2. HP: 13/24 MP: 2/2
   943 | D:1      | Reached XP level 3. HP: 28/29 MP: 3/3
  1464 | D:2      | Reached XP level 4. HP: 36/37 MP: 4/4
  2048 | D:3      | Noticed Jessica
  2187 | D:3      | Killed Jessica
  2402 | D:3      | Got the Spellbook of Calefaction and Accompaniment
  2503 | D:3      | Identified the +8 mace "Sowuniaz" {freeze, rN+ Str+2 Int+5}
  3178 | D:3      | Reached XP level 5. HP: 42/42 MP: 5/5
  3484 | D:4      | Reached skill level 5 in Shields
  3590 | D:4      | Reached skill level 1 in Maces & Flails
  3599 | D:4      | Reached XP level 6. HP: 43/49 MP: 6/6
  3656 | D:4      | Identified the +1 ring mail of the Sturgeon {rF+ rN+ Int+6}
  3783 | D:4      | Noticed an ogre
  3790 | D:4      | Killed an ogre
  3791 | D:4      | Reached XP level 7. HP: 40/55 MP: 7/7
  3928 | D:4      | Reached skill level 5 in Fighting
  3928 | D:4      | Reached skill level 6 in Shields
  4314 | D:5      | Entered Level 5 of the Dungeon
  4325 | D:5      | Reached skill level 5 in Armour
  4779 | D:5      | Found Biffemai's Book Shop.
  4804 | D:5      | Found a staircase to the Ecumenical Temple.
  4822 | Temple   | Entered the Ecumenical Temple
  5081 | Temple   | Became a worshipper of the Shining One
  5325 | D:5      | Reached XP level 8. HP: 61/64 MP: 8/8
  5329 | D:5      | Noticed Edmund
  5332 | D:5      | Reached skill level 7 in Shields
  5344 | D:5      | Slain by Edmund

Illustrated notes

Levels and vault maps discovered:
D:1:      lemuel_arrival_tunnels, layout_loops_ring,
          shapermc_ecumenical_altar_gd
D:2:      layout_basic, minmay_increasing_density
D:3:      layout_basic, uniq_jessica
D:4:      layout_basic
D:5:      layout_basic, minmay_temple_entry_water_ring, serial_shops,
          shop_fountains, uniq_edmund
Temple:   mainiacjoe_temple_archimedes_tessellation

Skill      XL: |  1  2  3  4  5  6  7  8 |
---------------+-------------------------+-----
Fighting       | 4 5 |  5.8
Armour         | 4 5 |  5.8
Shields        | 5 6 7 |  7.0
Maces & Flails | 1 2 3 |  3.6
Staves         | |  2.8

Action                   |  1- 3 |  4- 6 |  7- 9 || total
-------------------------+-------+-------+-------++-------
Melee: Quarterstaff      |    72 |    39 |       ||   111
       Mace              |       |    66 |    54 ||   120
Invok: Renounce Religion |     1 |       |       ||     1
 Abil: Dig               |     4 |       |       ||     4
Armor: Scale mail        |    37 |    23 |       ||    60
       Chain mail        |       |    45 |    38 ||    83
Dodge: Dodged            |    31 |    41 |    22 ||    94
Block: Buckler           |    15 |    32 |    25 ||    72
